Map: Lerilak Crest

Players

lesha - Winner!

  • Race: Terran Terran
  • League: Gold

YaBoyDan

  • Race: Zerg Zerg
  • League: Gold

VOD

Have the link to the VOD?

Description

Time

  • Played on: Jan. 14, 2016, 8:33 a.m.
  • Length: 11:44
Show
View Real Time Build Order
Export as new Build Order

lesha Terran - Winner!

Build Orders: Reaper Expand, MMM Bio 

Get SALT Encoding   

  12  0:01  SCV  
  13  0:13  SCV  
  14  0:17  Supply Depot  
  14  0:25  SCV  
  15  0:39  SCV  
  15  0:41  Barracks  
  16  0:46  Refinery  
  16  0:51  SCV  
  17  1:03  SCV  
  18  1:15  SCV  
  19  1:27  Orbital Command  
  19  1:30  Reaper  
  20  1:47  Command Center  
  20  1:54  SCV  
  20  1:59  Refinery  
  21  2:03  Marine  
  22  2:13  Factory  
  22  2:16  SCV  
  23  2:33  Barracks Reactor  
  23  2:42  Supply Depot  
  23  2:58  SCV  
  24  3:10  SCV  
  25  3:18  Factory Tech Lab  
  24  3:21  Marine x2  
  26  3:28  Barracks  
  26  3:29  Starport, Engineering Bay  
  26  3:30  Orbital Command  
  26  3:31  SCV, Barracks  
  27  3:38  Marine  
  27  3:39  Marine  
  29  3:43  SCV  
  30  3:53  Siege Tank  
  33  4:01  SCV  
  34  4:10  Marine x2  
  34  4:13  SCV, Medivac  
  39  4:21  Barracks Reactor, Barracks Tech Lab  
  39  4:25  SCV  
  40  4:59  Bunker  
  40  5:04  Bunker  
  40  5:05  Orbital Command  
  40  5:22  Supply Depot x2  
  40  5:26  Barracks Reactor, Supply Depot  
  40  5:28  Supply Depot  
  40  5:29  Stimpack  
  40  5:31  Supply Depot  
  40  5:43  Terran Infantry Weapons Level 1  
  40  5:44  SCV x2, Marine x2  
  44  5:55  Marine  
  44  5:56  SCV x2  
  47  6:02  Marine x2  
  49  6:09  Refinery, Marine  
  49  6:10  Marine  
  51  6:11  Refinery, Starport Reactor  
  51  6:22  Barracks x2, Marine x2  
  51  6:23  Marauder  
  55  6:26  Siege Tank  
  58  6:37  SCV x2  
  60  6:42  Marine x3  
  60  6:43  Marine  
  64  6:49  SCV x2  
  66  6:56  Marine  
  66  6:57  Medivac  
  66  6:59  Command Center  
  66  7:00  Marine  
  70  7:09  Supply Depot x2, Missile Turret  
  70  7:14  Supply Depot  
  70  7:16  Missile Turret  
  70  7:17  Barracks Reactor, Barracks Tech Lab  
  70  7:26  Marine  
  70  7:27  Marine x2, Marauder, Siege Tank, Medivac  
  70  7:28  SCV x2  
  82  7:40  SCV x2  
  82  7:41  Marine  
  82  7:43  Marine  
  86  7:44  Marine  
  86  7:48  Marauder  
  89  7:51  Combat Shields  
  89  7:52  SCV x2  
  91  8:02  Marauder  
  91  8:04  SCV x2  
  94  8:44  SCV x2, Marine  
  94  8:45  Marine x4  
  101  8:50  Marine x2  
  101  8:51  Marauder  
  101  8:52  Medivac x2  
  109  8:56  SCV  
  110  9:07  Marine x3  
  110  9:08  Marine x3  
  110  9:09  Marauder  
  118  9:13  Marauder  
  118  9:14  Supply Depot  
  118  9:15  Supply Depot  
  118  9:16  Supply Depot  
  120  9:18  Supply Depot  
  120  9:20  Command Center  
  110  10:04  Marine x5  
  110  10:05  Marine x3  
  112  10:07  Medivac x2  
  114  10:16  SCV x2  
  116  10:23  Marauder x2  
  116  10:25  Engineering Bay  
  116  10:28  SCV x2  
  122  10:32  Armory  
  122  10:36  Marine x5  
  122  10:37  Marine  
  122  10:40  SCV x2  
  130  10:44  Marine x2  
  132  10:54  Marine x3  
  132  10:55  Marine x3  
  138  11:19  Marine x3  
  138  11:20  Marine x5  
  138  11:22  SCV  
  138  11:23  SCV  
Show
View Real Time Build Order
Export as new Build Order

YaBoyDan Zerg 

Build Orders: Pool First 

Get SALT Encoding   

  12  0:01  Drone  
  13  0:12  Overlord  
  13  0:17  Drone  
  14  0:30  Drone  
  14  0:31  Drone  
  14  0:35  Drone  
  17  0:45  Spawning Pool  
  17  0:49  Drone  
  17  0:51  Extractor  
  17  0:56  Drone  
  17  1:14  Drone  
  18  1:26  Hatchery, Drone  
  18  1:30  Drone  
  19  1:41  Queen  
  21  1:49  Overlord  
  21  1:56  Metabolic Boost  
  21  2:01  Zergling x2  
  22  2:18  Drone x2  
  24  2:32  Zergling x2  
  24  2:34  Drone  
  25  2:44  Queen  
  25  2:46  Drone x2  
  29  2:56  Zergling x2  
  29  2:57  Zergling x6  
  33  3:07  Queen  
  35  3:24  Baneling Nest  
  34  3:31  Zergling x2  
  34  3:32  Overlord x2  
  35  3:52  Zergling x10  
  40  4:07  Baneling x4  
  40  4:08  Baneling x3  
  40  4:09  Zergling x2  
  45  4:10  Zergling x8  
  40  4:35  Drone  
  40  4:36  Drone x7  
  42  4:45  Lair  
  42  4:47  Drone x2  
  44  5:10  Extractor  
  44  5:11  Queen  
  45  5:27  Overlord x2  
  45  5:29  Extractor  
  45  5:31  Extractor  
  43  5:36  Evolution Chamber  
  43  5:37  Evolution Chamber  
  41  5:45  Zergling x6  
  41  5:46  Zergling x6  
  41  5:47  Burrow  
  47  5:58  Hatchery  
  47  6:03  Drone  
  47  6:04  Drone x8  
  49  6:09  Baneling  
  49  6:10  Baneling x3  
  49  6:11  Baneling x4  
  55  6:20  Drone x2  
  55  6:21  Drone x3  
  55  6:23  Zerg Missile Weapons Level 1  
  60  6:29  Zerg Ground Armor Level 1  
  59  6:51  Roach Warren  
  58  7:11  Baneling x5  
  58  7:12  Baneling  
  58  7:13  Baneling x3  
  58  7:14  Queen  
  60  7:19  Drone x5  
  60  7:20  Drone x2  
  67  7:27  Centrifical Hooks  
  67  7:35  Overlord, Extractor  
  67  7:36  Extractor  
  65  7:39  Overlord  
  67  8:05  Roach  
  67  8:06  Roach x9  
  85  8:18  Drone, Spire  
  85  8:20  Drone  
  79  8:45  Drone  
  79  8:46  Drone x3, Spore Crawler  
  82  9:19  Overlord  
  82  9:20  Overlord  
  73  10:04  Drone  
  73  10:05  Drone x16  
  90  10:15  Baneling x3  
  90  10:40  Overlord x2  
  90  10:50  Overlord x2  
  90  10:53  Overseer  
  90  11:12  Overlord x2  
Tags
 
Add a new tag
Caveats
  • Supply blocks, unpowered buildings, or Contaminate may cause inaccurate times.
  • Supply counts are checked every 10 seconds.